 Dungeon Crawl Stone Soup version 0.21.1-1-g345015f (webtiles) character file.

161 letownia2 the Conjurer (level 5, 0/28 HPs)
             Began as a Gargoyle Wizard on Feb 13, 2018.
             Slain by an adder (3 damage)
             ... on level 4 of the Dungeon.
             The game lasted 00:04:14 (692 turns).

letownia2 the Conjurer (Gargoyle Wizard)             Turns: 692, Time: 00:04:15

Health: 0/28       AC:  6    Str:  7    XL:     5   Next: 42%
Magic:  2/9        EV: 12    Int: 20    God:
Gold:   89         SH:  0    Dex:  8    Spells: 3/10 levels left

rFire    . . .     SeeInvis .   i - +0 dagger
rCold    . . .     Gourm    .   (no shield)
rNeg     + . .     Faith    .   a - +0 robe
rPois    ∞         Spirit   .   b - +0 hat
rElec    +         Reflect  .   (no cloak)
rCorr    .         Harm     .   (no gloves)
MR       .....                  (no boots)
Stlth    ++........             (no amulet)
HPRegen  0.09/turn              g - -3 ring of strength (curse)
MPRegen  0.11/turn              (no ring)

@: very slightly contaminated
A: negative energy resistance 1, electricity resistance, unbreathing,
petrification resistance, rot immunity, AC +4
a: no special abilities


You were on level 4 of the Dungeon.
You were not hungry.

You visited 1 branch of the dungeon, and saw 5 of its levels.

You collected 89 gold pieces.

Inventory:

Hand Weapons
 i - a +0 dagger (weapon)
Armour
 a - a +0 robe (worn)
 b - a +0 hat (worn)
 l - a cursed +0 buckler
 m - a +0 leather armour
Jewellery
 g - a cursed -3 ring of strength (left hand)
Wands
 o - a wand of digging (14)
 p - a wand of flame (7)
Scrolls
 e - a scroll of enchant weapon {unknown}
 f - a scroll of random uselessness {unknown}
 h - 2 scrolls of amnesia {unknown}
 k - a scroll of identify {unknown}
Potions
 j - a potion of heal wounds {unknown}
 n - a potion of brilliance {unknown}
Books
 c - a book of Minor Magic

   Spells                             Type                      Level
   a - Magic Dart                     Conjuration                  1
   b - Blink                          Translocation                2
   c - Call Imp                       Summoning                    2
   d - Slow                           Hexes                        2
   e - Conjure Flame                  Conjuration/Fire             3
   f - Mephitic Cloud                 Conjuration/Poison/Air       3
Comestibles
 d - 6 rations


   Skills:
 - Level 1.5 Dodging
 - Level 2.1 Stealth
 - Level 3.0 Spellcasting
 + Level 4.0 Conjurations
   Level 0.8 Summonings
   Level 0.8 Translocations
 + Level 1.7 Fire Magic
 + Level 1.3 Air Magic
 + Level 1.7 Poison Magic


You had 3 spell levels left.
You knew the following spells:

 Your Spells              Type           Power        Failure   Level  Hunger
a - Magic Dart            Conj           ###.         2%          1    None
c - Conjure Flame         Conj/Fire      ##......     13%         3    ###....
e - Mephitic Cloud        Conj/Pois/Air  ##......     16%         3    ###....


Dungeon Overview and Level Annotations

Branches:
Dungeon (5/15)
 Temple: D:4-7

Altars:
Ashenzari

Annotations:
D:3 anp's ghost, amateur OpTm
D:4 Menkaure


Innate Abilities, Weirdness & Mutations

You are resistant to torment.
Your stone body is resilient. (AC +4)
You are immune to poison.
You resist negative energy. (rN+)
You are resistant to electric shocks. (rElec)
You can survive without breathing.
You are immune to petrification.
You are immune to rotting.


Message History

The puff of flame hits Eustachio.
You kill Eustachio!
The ufetubus disappears in a puff of smoke!
The iron imp disappears in a puff of smoke!
The river rat disappears in a puff of smoke!
Your Conjurations skill increases to level 4!
Your Fire Magic skill increases to level 1!
Your Air Magic skill increases to level 1!
Your Poison Magic skill increases to level 1!
You have reached level 4!
You feel clever.
You have reached level 5!
Unknown command.
Unknown command.
Evoke which item? (* to show all) (? for menu, Esc to quit)
Aiming: Throw Flame
Press: ? - help, Shift-Dir - straight line, f - adder
Aim: an adder (purple smoke, lightly wounded)
The puff of flame hits the adder.
The adder is moderately wounded.
The adder bites you.
You die...

#..........#.###).##............#
#..........#.#....#.#..........#.
#............(.....#.##......##.#
###.................##.#....#.##.
#.................#.#.####.#.#.
#..................#.## ##.#..
...................##....##...
..............................
..........[..@................
#####.###.S)§....##....##... #.
#.#§....#.##..##.#.. ..
........#.# ####.#.#.
.........##.# ..#.##. #........#.
. ...# .# #.......#.#. ..
#.......##... .


You could see an adder.

Vanquished Creatures
  Eustachio (D:4)
  An adder (D:5)
  2 dart slugs (D:1)
  A leopard gecko (D:3)
  An orc (D:4)
  A bat (D:1)
  2 giant cockroaches
  3 goblins
  3 frilled lizards
  A kobold (D:3)
  3 rats
19 creatures vanquished.

Notes
Turn   | Place    | Note
-------+----------+-------------------------------------------
     0 | D:1      | letownia2 the Gargoyle Wizard began the quest for the Orb.
     0 | D:1      | Reached XP level 1. HP: 10/10 MP: 4/4
    43 | D:1      | Reached skill level 2 in Conjurations
    58 | D:1      | Reached XP level 2. HP: 15/15 MP: 1/6
   193 | D:2      | Found a shattered altar of Ashenzari.
   323 | D:3      | Noticed anp's ghost (amateur OpTm)
   430 | D:4      | Reached skill level 3 in Conjurations
   572 | D:4      | Noticed Menkaure
   585 | D:5      | Entered Level 5 of the Dungeon
   587 | D:5      | Noticed a black bear
   611 | D:5      | Reached XP level 3. HP: 18/19 MP: 4/7
   654 | D:4      | Noticed Eustachio
   660 | D:4      | Learned a level 3 spell: Mephitic Cloud
   664 | D:4      | Learned a level 3 spell: Conjure Flame
   691 | D:4      | Killed Eustachio
   691 | D:4      | Reached skill level 4 in Conjurations
   691 | D:4      | Reached skill level 1 in Fire Magic
   691 | D:4      | Reached skill level 1 in Air Magic
   691 | D:4      | Reached skill level 1 in Poison Magic
   691 | D:4      | Reached XP level 4. HP: 3/24 MP: 1/8
   691 | D:4      | Reached XP level 5. HP: 3/28 MP: 1/9
   692 | D:4      | Slain by an adder

Skill      XL: |  1  2  3 |
---------------+----------+-----
Conjurations   | 2 3 4 |  4.0
Fire Magic     | 1 |  1.7
Air Magic      | 1 |  1.3
Poison Magic   | 1 |  1.7
Dodging        | |  1.5
Stealth        | |  2.1
Spellcasting   | |  3.0
Summonings     | |  0.8
Translocations | |  0.8

Action                   |  1- 3 |  4- 6 || total
-------------------------+-------+-------++-------
Melee: Unarmed           |    11 |       ||    11
       Dagger            |     6 |       ||     6
 Cast: Magic Dart        |    27 |       ||    27
       Mephitic Cloud    |     1 |       ||     1
Evoke: Wand              |    14 |     2 ||    16
Armor: Robe              |     9 |       ||     9
Dodge: Dodged            |    22 |       ||    22
